AoeStats
← Chalmers

Oasis

509033177Analyzed
2v2 RM · 8d ago on Sep 25, 2026· 48m 28s· 4 players
Game mode
Random Map
Map size
Medium (4 player)
Population
200
Speed
Normal
Resources
Standard
Victory
Conquest
Starting age
Dark Age
Ending age
Imperial Age
RankedLock teamsTeams togetherTeam positionsShared explorationLock speedFull tech treeHidden civsTurbo modeCheats
Victory
Defeat
🇵🇪 Tatars · Peru
699
+20
🇵🇪 Saxons · Peru
673
+21
🇨🇦 Vikings · Canada
789
-20
🇨🇦 Vietnamese · Canada
789
-21
Alejandro Toledo
7:46 Loom
9:58 Feudal Age
10:26 Double-Bit Axe
14:41 Wheelbarrow
16:14 Horse Collar
16:53 Bloodlines
23:22 Castle Age
24:23 Gold Mining
24:25 Stone Mining
25:44 Gold Shaft Mining
25:23 Bow Saw
25:15 Heavy Plow
25:53 Treadmill Crane
26:54 Forging
26:50 Scale Barding Armor
27:15 Hand Cart
29:16 Iron Casting
29:02 Chain Barding Armor
32:28 Fletching
32:39 Padded Archer Armor
32:46 Husbandry
36:39 Imperial Age
37:16 Ballistics
36:56 Bodkin Arrow
37:16 Leather Archer Armor
38:47 Conscription
38:43 Silk Armor
38:50 Caravan
42:10 Blast Furnace
41:46 Plate Barding Armor
41:12 Bracer
41:42 Ring Archer Armor
41:06 Capped Ram
43:06 Crop Rotation
42:29 Town Watch
43:23 Scale Mail Armor
43:55 Elite Keshik
47:22 Chemistry
46:28 Siege Engineers
Tio Paloma
12:21 Feudal Age
14:20 Man-at-Arms
20:30 Castle Age
19:14 Double-Bit Axe
19:39 Horse Collar
21:20 Town Watch
22:06 Bow Saw
22:05 Town Patrol
22:43 Loom
27:06 Wheelbarrow
26:54 Gold Mining
29:44 Hand Cart
29:38 Heavy Plow
31:28 Arson
31:44 Squires
31:29 Gambesons
31:16 Pikeman
31:17 Long Swordsman
32:15 Treadmill Crane
32:55 Ballistics
37:37 Imperial Age
35:25 Forging
35:05 Fletching
35:16 Scale Mail Armor
35:20 Padded Archer Armor
35:25 Scale Barding Armor
36:13 Stone Mining
37:01 Gold Shaft Mining
35:51 Clerical Recruitment
37:49 Caravan
38:20 Coinage
39:10 Elite Varangian Guard
40:34 Iron Casting
39:38 Shield Wall
40:52 Fortified Wall
42:26 Two-Man Saw
42:30 Conscription
42:59 Crop Rotation
46:01 Banking
45:42 Guilds
45:10 Heavy Mounted Crossbowman
45:11 Cranequins
47:10 Chemistry
47:17 Chain Mail Armor
46:59 Bodkin Arrow
47:21 Leather Archer Armor
47:15 Siege Engineers
Chalmers
11:29 Feudal Age
20:40 Double-Bit Axe
23:01 Loom
25:34 Castle Age
26:58 Forging
26:49 Scale Mail Armor
27:23 Stone Mining
27:24 Gold Mining
27:58 Bow Saw
27:29 Horse Collar
27:48 Gold Mining
32:52 Squires
33:29 Iron Casting
33:10 Chain Mail Armor
35:43 Imperial Age
33:41 Loom
34:18 Fortified Wall
35:22 Town Watch
35:35 Town Watch
38:37 Blast Furnace
38:41 Chain Mail Armor
41:16 Plate Mail Armor
41:20 Chieftains
41:43 Heavy Plow
43:49 Elite Varangian Guard
49:06 Conscription
Sloth
8:01 Loom
13:10 Feudal Age
16:07 Double-Bit Axe
16:05 Horse Collar
17:31 Wheelbarrow
29:29 Castle Age
27:16 Town Watch
28:04 Scale Mail Armor
30:23 Bow Saw
30:25 Heavy Plow
33:59 Fletching
34:21 Forging
38:25 Town Watch
41:51 Hand Cart
42:49 Caravan
42:36 Pikeman
44:27 Elite Skirmisher
45:23 Padded Archer Armor
45:22 Bodkin Arrow
45:04 Crossbowman
47:50 Thumb Ring
Connection lost

Rejoining the realm…

Still unreachable

The connection could not be restored.

Session expired

The server has moved on; the page needs a fresh start.